General information
- name: BNet
- type: Ladder team game (AT/RT)
- host: Battle.net
- saver: SuspiciousMinds
map: Battleground
- players: 8
- length: 27:54
- speed: Fast
- version: 1.26 W3XP
- replay type: Public
» download(197 KB)
Players
team 1 (loser)

»
VvIiZzIiOoNn (
orange | 31 APM | 788 actions | 25:45)
4 Dreadlord
2 Vampiric Aura
2 Carrion Swarm
» actions
| Assign group hotkey | 88 | |
| Basic commands | 69 | |
| Build / train | 58 | |
| Enter build submenu | 17 | |
| Enter hero's abilities submenu | 4 | |
| Remove unit from queue | 2 | |
| Right click | 161 | |
| Select / deselect | 182 | |
| Select group hotkey | 190 | |
| Use ability | 17 | |
788 total
» units
| Acolyte | 19 | |
| Ghoul | 14 | |
| Gargoyle | 1 | |
| Crypt Fiend | 11 | |
45 total
» upgrades
| Web | 1 | |
| Creature Attack | 1 | |
| Creature Carapace | 1 | |
3 total
» buildings
| Altar of Darkness | 1 | |
| Ziggurat | 5 | |
| Crypt | 3 | |
| Halls of the Dead | 1 | |
| Black Citadel | 1 | |
| Graveyard | 1 | |
| Spirit Tower | 1 | |
13 total
» build order
00:26 Altar of Darkness
00:30 Ziggurat
00:33 Crypt
01:07 Ziggurat
02:52 Halls of the Dead
03:02 Ziggurat
06:07 Black Citadel
06:21 Crypt
06:26 Crypt
06:31 Graveyard
07:23 Ziggurat
10:35 Ziggurat
18:54 Spirit Tower
SodaBoii (
green | 41 APM | 1084 actions | 26:31)
4 Mountain King
2 Storm Bolt
2 Bash
» actions
| Assign group hotkey | 19 | |
| Basic commands | 66 | |
| Build / train | 77 | |
| Enter build submenu | 18 | |
| Enter hero's abilities submenu | 4 | |
| Right click | 391 | |
| Select / deselect | 239 | |
| Select group hotkey | 222 | |
| Use ability | 48 | |
1084 total
» units
| Peasant | 8 | |
| Footman | 8 | |
| Rifleman | 11 | |
| Mortar Team | 9 | |
| Priest | 6 | |
| Hippogryph | 20 | |
62 total
» upgrades
» buildings
| Altar of Kings | 1 | |
| Farm | 10 | |
| Barracks | 1 | |
| Lumber Mill | 1 | |
| Arcane Vault | 1 | |
| Scout Tower | 1 | |
| Arcane Tower | 1 | |
| Blacksmith | 1 | |
| Keep | 1 | |
| Workshop | 1 | |
| Arcane Sanctum | 1 | |
| Castle | 1 | |
21 total
» build order
00:07 Altar of Kings
00:11 Farm
00:30 Barracks
00:53 Farm
01:58 Farm
02:24 Lumber Mill
02:45 Farm
02:58 Arcane Vault
03:10 Scout Tower
03:43 Arcane Tower
04:08 Blacksmith
05:12 Keep
05:36 Farm
06:15 Farm
07:00 Farm
07:38 Workshop
07:41 Arcane Sanctum
07:46 Farm
09:49 Farm
10:33 Farm
11:54 Castle
» items
| Potion of Healing | 1 | |
| Scroll of Town Portal | 2 | |
| Scroll of Regeneration | 1 | |
4 total
SuspiciousMinds (
yellow | 81 APM | 2274 actions | 27:54)
5 Blademaster
3 Wind Walk
2 Critical Strike
» actions
| Assign group hotkey | 45 | |
| Basic commands | 88 | |
| Build / train | 94 | |
| ESC pressed | 42 | |
| Enter build submenu | 40 | |
| Enter hero's abilities submenu | 5 | |
| Give item / drop item | 6 | |
| Right click | 994 | |
| Select / deselect | 332 | |
| Select group hotkey | 426 | |
| Use ability | 202 | |
2274 total
» units
| Peon | 17 | |
| Grunt | 15 | |
| Raider | 2 | |
| Wind Rider | 8 | |
42 total
» upgrades
| Pillage | 1 | |
| Berserker Strength | 1 | |
| Armor | 3 | |
| Ensnare | 1 | |
| Reinforced Defenses | 1 | |
| Envenomed Spears | 1 | |
| Liquid Fire | 1 | |
| Troll Regeneration | 1 | |
| Ranged Weapons | 3 | |
| Spiked Barricades | 1 | |
| Backpack | 1 | |
| Berserker Upgrade | 1 | |
| Burning Oil | 1 | |
17 total
» buildings
| Altar of Storms | 1 | |
| Orc Burrow | 7 | |
| Barracks | 1 | |
| Voodoo Lounge | 1 | |
| War Mill | 1 | |
| Stronghold | 1 | |
| Watch Tower | 23 | |
| Fortress | 2 | |
| Beastiary | 2 | |
| Great Hall | 2 | |
41 total
» build order
00:04 Altar of Storms
00:08 Orc Burrow
00:35 Barracks
01:28 Orc Burrow
02:02 Voodoo Lounge
02:46 Orc Burrow
04:02 War Mill
04:38 Stronghold
05:17 Watch Tower
05:20 Watch Tower
07:41 Fortress
07:41 Fortress
08:00 Beastiary
12:03 Beastiary
13:05 Watch Tower
13:06 Watch Tower
14:16 Orc Burrow
14:18 Orc Burrow
14:25 Watch Tower
14:29 Great Hall
16:32 Watch Tower
16:57 Orc Burrow
17:00 Orc Burrow
18:13 Watch Tower
19:04 Watch Tower
20:02 Watch Tower
20:45 Watch Tower
20:48 Watch Tower
22:35 Watch Tower
22:40 Watch Tower
23:58 Watch Tower
25:33 Watch Tower
25:33 Watch Tower
25:34 Watch Tower
25:35 Watch Tower
25:36 Watch Tower
27:18 Great Hall
27:20 Watch Tower
27:22 Watch Tower
27:24 Watch Tower
27:26 Watch Tower
» items
| Healing Salve | 7 | |
| Lesser Clarity Potion | 6 | |
| Boots of Speed | 1 | |
| Staff of Teleportation | 1 | |
| Periapt of Vitality | 1 | |
| Scroll of Speed | 2 | |
| Scroll of Town Portal | 4 | |
22 total
2_Strong_Daddie (
purple | 80 APM | 1920 actions | 24:02)
6 Demon Hunter
3 Evasion
1 Immolation
1 Mana Burn
1 Metamorphosis
5 Keeper of the Grove
3 Entangling Roots
2 Force of Nature
2 Priestess of the Moon
1 Trueshot Aura
1 Scout
» actions
| Assign group hotkey | 94 | |
| Basic commands | 9 | |
| Build / train | 74 | |
| Enter build submenu | 18 | |
| Enter hero's abilities submenu | 14 | |
| Give item / drop item | 4 | |
| Remove unit from queue | 6 | |
| Right click | 694 | |
| Select / deselect | 312 | |
| Select group hotkey | 625 | |
| Use ability | 70 | |
1920 total
» units
| Wisp | 13 | |
| Archer | 12 | |
| Hippogryph | 7 | |
| Dryad | 4 | |
36 total
» upgrades
| Improved Bows | 1 | |
| Hippogryph Taming | 1 | |
| Ultravision | 1 | |
| Strength of the Moon | 3 | |
| Moon Armor | 1 | |
| Abolish Magic | 1 | |
| Marksmanship | 1 | |
| Well Spring | 1 | |
| Nature's Blessing | 1 | |
11 total
» buildings
| Altar of Elders | 1 | |
| Moon Well | 8 | |
| Ancient of War | 1 | |
| Ancient of Wonders | 1 | |
| Tree of Ages | 1 | |
| Ancient of Wind | 2 | |
| Hunter's Hall | 1 | |
| Tree of Eternity | 1 | |
| Ancient of Lore | 1 | |
| Tree of Life | 2 | |
19 total
» build order
00:16 Altar of Elders
00:24 Moon Well
00:49 Ancient of War
01:37 Moon Well
01:59 Ancient of Wonders
02:09 Moon Well
03:28 Tree of Ages
04:09 Moon Well
04:45 Moon Well
05:09 Moon Well
05:47 Moon Well
06:08 Ancient of Wind
06:39 Moon Well
07:39 Ancient of Wind
09:39 Hunter's Hall
11:26 Tree of Eternity
12:47 Ancient of Lore
17:08 Tree of Life
20:30 Tree of Life
» items
| Periapt of Vitality | 2 | |
| Scroll of Town Portal | 2 | |
4 total
team 2 (winner)
lulwut (
pink | 36 APM | 701 actions | 19:20)
3 Blademaster
2 Wind Walk
1 Mirror Image
2 Far Seer
1 Feral Spirit
1 Chain Lighting
» actions
| Assign group hotkey | 28 | |
| Build / train | 42 | |
| Enter build submenu | 21 | |
| Enter hero's abilities submenu | 5 | |
| Remove unit from queue | 1 | |
| Right click | 203 | |
| Select / deselect | 200 | |
| Select group hotkey | 148 | |
| Use ability | 53 | |
701 total
» units
| Peon | 7 | |
| Grunt | 8 | |
| Raider | 3 | |
| Troll Witch Doctor | 2 | |
20 total
» upgrades
| Spiked Barricades | 1 | |
| Berserker Strength | 1 | |
| Armor | 1 | |
| Witch Doctor Training | 1 | |
| Ensnare | 1 | |
| Troll Regeneration | 1 | |
| Melee Weapons | 1 | |
7 total
» buildings
| Altar of Storms | 1 | |
| Orc Burrow | 7 | |
| Barracks | 1 | |
| Voodoo Lounge | 1 | |
| War Mill | 1 | |
| Stronghold | 1 | |
| Watch Tower | 3 | |
| Spirit Lodge | 1 | |
| Beastiary | 2 | |
| Fortress | 1 | |
| Great Hall | 1 | |
20 total
» build order
00:22 Altar of Storms
00:28 Orc Burrow
00:59 Barracks
01:48 Voodoo Lounge
02:24 Orc Burrow
02:49 War Mill
05:48 Orc Burrow
05:58 Stronghold
06:05 Orc Burrow
06:49 Orc Burrow
07:05 Watch Tower
07:08 Watch Tower
07:13 Watch Tower
08:22 Spirit Lodge
08:26 Beastiary
08:29 Beastiary
10:13 Orc Burrow
11:29 Fortress
11:55 Orc Burrow
15:05 Great Hall
» items
| Healing Salve | 2 | |
| Lesser Clarity Potion | 1 | |
| Scroll of Speed | 1 | |
| Boots of Speed | 1 | |
5 total
GigaBeard (
blue | 60 APM | 1159 actions | 19:16)
3 Death Knight
1 Death Coil
2 Unholy Aura
» actions
| Build / train | 63 | |
| ESC pressed | 2 | |
| Enter build submenu | 23 | |
| Enter hero's abilities submenu | 3 | |
| Remove unit from queue | 7 | |
| Right click | 633 | |
| Select / deselect | 383 | |
| Use ability | 45 | |
1159 total
» units
| Acolyte | 7 | |
| Ghoul | 9 | |
| Crypt Fiend | 16 | |
32 total
» upgrades
| Cannibalize | 1 | |
| Creature Attack | 2 | |
| Creature Carapace | 2 | |
| Web | 1 | |
| Burrow | 1 | |
7 total
» buildings
| Ziggurat | 8 | |
| Altar of Darkness | 1 | |
| Crypt | 2 | |
| Nerubian Tower | 2 | |
| Graveyard | 1 | |
| Tomb of Relics | 2 | |
| Spirit Tower | 4 | |
| Halls of the Dead | 1 | |
| Black Citadel | 1 | |
22 total
» build order
00:09 Ziggurat
00:14 Altar of Darkness
00:42 Crypt
01:02 Nerubian Tower
01:33 Graveyard
01:41 Ziggurat
02:01 Tomb of Relics
03:08 Spirit Tower
03:47 Tomb of Relics
03:50 Ziggurat
04:20 Ziggurat
04:43 Spirit Tower
05:13 Ziggurat
06:10 Nerubian Tower
06:14 Ziggurat
06:40 Ziggurat
07:42 Spirit Tower
07:53 Spirit Tower
07:55 Halls of the Dead
11:40 Crypt
11:57 Ziggurat
18:16 Black Citadel
» items
| Dust of Appearance | 1 | |
| Rod of Necromancy | 1 | |
| Sacrificial Skull | 1 | |
| Scroll of Town Portal | 1 | |
| Potion of Healing | 1 | |
5 total
Clutz (
red | 60 APM | 1678 actions | 27:54)
9 Blood Mage
3 Flame Strike
3 Siphon Mana
1 Summon Phoenix
2 Banish
» actions
| Assign group hotkey | 121 | |
| Basic commands | 54 | |
| Build / train | 100 | |
| Enter build submenu | 53 | |
| Enter hero's abilities submenu | 9 | |
| Give item / drop item | 1 | |
| Right click | 589 | |
| Select / deselect | 414 | |
| Select group hotkey | 195 | |
| Use ability | 142 | |
1678 total
» units
| Peasant | 21 | |
| Footman | 4 | |
| Rifleman | 10 | |
| Sorceress | 1 | |
| Dragonhawk Rider | 6 | |
| Gargoyle | 11 | |
53 total
» upgrades
| Lumber Harvesting | 2 | |
| Masonry | 3 | |
| Sorceress Training | 1 | |
| Magic Sentry | 1 | |
| Swords | 2 | |
| Armor | 2 | |
| Cloud | 1 | |
12 total
» buildings
| Altar of Kings | 1 | |
| Barracks | 1 | |
| Farm | 11 | |
| Blacksmith | 1 | |
| Keep | 1 | |
| Arcane Vault | 1 | |
| Lumber Mill | 2 | |
| Arcane Sanctum | 1 | |
| Scout Tower | 31 | |
| Guard Tower | 5 | |
| Town Hall | 4 | |
| Arcane Tower | 1 | |
| Gryphon Aviary | 4 | |
| Castle | 1 | |
65 total
» build order
00:44 Altar of Kings
00:54 Barracks
01:07 Farm
01:12 Farm
01:14 Farm
01:15 Farm
02:03 Farm
02:37 Blacksmith
03:12 Farm
03:19 Keep
03:40 Arcane Vault
03:46 Lumber Mill
04:24 Farm
06:45 Arcane Sanctum
07:41 Scout Tower
07:44 Scout Tower
07:45 Scout Tower
08:42 Guard Tower
10:41 Town Hall
10:43 Scout Tower
10:44 Scout Tower
10:45 Scout Tower
10:47 Scout Tower
10:49 Scout Tower
12:03 Scout Tower
12:04 Scout Tower
12:09 Lumber Mill
12:13 Scout Tower
12:35 Guard Tower
13:14 Town Hall
13:18 Scout Tower
13:18 Scout Tower
13:20 Scout Tower
13:20 Scout Tower
13:22 Scout Tower
13:23 Scout Tower
13:24 Scout Tower
13:26 Scout Tower
14:39 Guard Tower
15:36 Town Hall
15:38 Scout Tower
15:38 Scout Tower
15:39 Scout Tower
15:39 Scout Tower
15:42 Scout Tower
15:44 Scout Tower
15:45 Scout Tower
15:46 Scout Tower
16:10 Arcane Tower
17:08 Scout Tower
17:18 Gryphon Aviary
17:18 Gryphon Aviary
17:19 Gryphon Aviary
17:19 Gryphon Aviary
18:18 Guard Tower
18:19 Scout Tower
18:51 Farm
18:52 Farm
18:52 Farm
18:55 Farm
20:11 Guard Tower
21:23 Castle
26:16 Town Hall
» items
| Scroll of Regeneration | 7 | |
| Boots of Speed | 1 | |
| Staff of Teleportation | 1 | |
| Potion of Invisibility | 2 | |
| Scroll of Town Portal | 2 | |
| Potion of Lesser Invulnerability | 1 | |
| Potion of Healing | 2 | |
| Lesser Clarity Potion | 1 | |
17 total

»
651684313219687 (
teal | 97 APM | 1861 actions | 19:09)
4 Death Knight
2 Death Coil
2 Unholy Aura
3 Lich
2 Frost Nova
1 Frost Armor
» actions
| Assign group hotkey | 17 | |
| Basic commands | 139 | |
| Build / train | 52 | |
| Enter build submenu | 21 | |
| Enter hero's abilities submenu | 7 | |
| Give item / drop item | 4 | |
| Right click | 989 | |
| Select / deselect | 411 | |
| Select group hotkey | 158 | |
| Use ability | 63 | |
1861 total
» units
| Acolyte | 4 | |
| Ghoul | 2 | |
| Crypt Fiend | 10 | |
| Obsidian Statue | 4 | |
20 total
» upgrades
| Creature Attack | 2 | |
| Web | 1 | |
| Creature Carapace | 3 | |
6 total
» buildings
| Graveyard | 2 | |
| Ziggurat | 6 | |
| Altar of Darkness | 1 | |
| Crypt | 3 | |
| Tomb of Relics | 1 | |
| Nerubian Tower | 1 | |
| Halls of the Dead | 1 | |
| Slaughterhouse | 1 | |
| Sacrificial Pit | 1 | |
| Black Citadel | 1 | |
| Spirit Tower | 2 | |
20 total
» build order
00:54 Graveyard
00:57 Ziggurat
00:59 Altar of Darkness
01:04 Crypt
01:12 Ziggurat
01:26 Tomb of Relics
01:48 Nerubian Tower
03:17 Ziggurat
04:21 Halls of the Dead
06:50 Slaughterhouse
06:53 Sacrificial Pit
07:56 Ziggurat
08:30 Graveyard
10:18 Black Citadel
11:41 Spirit Tower
11:42 Ziggurat
11:44 Ziggurat
13:19 Crypt
13:22 Crypt
16:57 Spirit Tower
» items
| Dust of Appearance | 1 | |
| Rod of Necromancy | 1 | |
| Healing Salve | 1 | |
| Sacrificial Skull | 1 | |
| Circlet of Nobility | 1 | |
| Boots of Speed | 1 | |
| Orb of Corruption | 1 | |
| Scroll of Healing | 1 | |
| Potion of Healing | 1 | |
| Scroll of Regeneration | 1 | |
| Lesser Clarity Potion | 1 | |
| Scroll of Town Portal | 1 | |
12 total
Chat log
(00:08 / Allies) VvIiZzIiOoNn: plan
(00:10 / Allies) VvIiZzIiOoNn: tell me now
(00:15 / Allies) SodaBoii: um w.eu guys want
(00:16 / All) GigaBeard: hello sirs
(00:21 / Allies) VvIiZzIiOoNn: rush then
(00:24 / Allies) SodaBoii: ok
(00:39 / All) Clutz: Any Jeff Buckley fans in the audience?
(00:42 / Allies) VvIiZzIiOoNn: everyone agree tor ush
(00:44 / Allies) SodaBoii: u guys all down to rush
(00:45 / Allies) SuspiciousMinds: no
(00:47 / All) GigaBeard: who tha fuck?
(00:49 / Allies) SuspiciousMinds: rushing is for faggots
(00:53 / All) 2_Strong_Daddie: who jeff be?
(00:57 / Allies) SodaBoii: omg cmon yellow.;
(01:01 / All) Clutz: good musician died in the 90s
(01:03 / All) Clutz: in his 20s
(01:07 / Allies) SuspiciousMinds: this is a strategy game retard not a fighting battle game
(01:10 / All) 2_Strong_Daddie: what kind of music
(01:21 / All) GigaBeard: rapper?
(01:22 / All) Clutz: alt/rock
(01:23 / Allies) VvIiZzIiOoNn: ur fuckin joking me yellow lol
(01:27 / Allies) SodaBoii: irk lol
(01:29 / All) Clutz: amazing voice
(01:29 / Allies) 2_Strong_Daddie: ?
(01:37 / Allies) VvIiZzIiOoNn: ur juss a dum fuck rushing makes u win games
(01:40 / All) Clutz: his father had a 5 and 1/2 octave range
(01:49 / Allies) SuspiciousMinds: video games are about fun and not winning dumbass
(01:55 / All) GigaBeard: man you talkin all technical n shit
(01:58 / Allies) SuspiciousMinds: rushing is not fun at all
(02:13 / Allies) SodaBoii: .... i have 0 loses atm dont fuck me on this
(02:15 / All) GigaBeard: dont get it twisted
(02:16 / All) Clutz: check out grace by Jeff Buckley
(02:19 / Allies) SuspiciousMinds: kill yourself
(02:20 / Allies) VvIiZzIiOoNn: its ok if ur still getting the hang of it fag
(02:25 / Allies) VvIiZzIiOoNn: u dont have t hide it
(02:30 / Allies) SuspiciousMinds: lol
(03:04 / Allies) 2_Strong_Daddie: pink bm harass me
(03:19 / Allies) SodaBoii: ok
(03:35 / Allies) VvIiZzIiOoNn: meet now
(03:38 / All) GigaBeard: get split
(03:39 / Allies) SodaBoii: rofl.
(03:48 / Allies) SuspiciousMinds: tping lvl 1 bm isn't worth the gold or time green
(03:54 / Allies) SuspiciousMinds: 30 second resurrect
(04:17 / Allies) SodaBoii: units after
(04:17 / Allies) VvIiZzIiOoNn: come guys purple
(04:20 / Allies) VvIiZzIiOoNn: yellow
(04:27 / Allies) SuspiciousMinds: I already told you
(04:35 / Allies) SuspiciousMinds: Rushing is for shit for brains faggots who can't play past 10 mins
(04:46 / Allies) SodaBoii: oj u blocked me
(05:25 / Allies) SodaBoii: keep ur hero by me!
(08:05 / Allies) SodaBoii: oj cmon man
(08:14 / Allies) SodaBoii: pink
(09:01 / Allies) VvIiZzIiOoNn: purple watch oput
(09:06 / Allies) SodaBoii: its me
(09:10 / Allies) 2_Strong_Daddie: ?
(09:13 / Allies) VvIiZzIiOoNn: nvm
(09:24 / Allies) SodaBoii: purp
(09:28 / Allies) SodaBoii: purp cmon man!
(09:32 / Allies) SodaBoii: its only fucking pink!
(10:27 / Allies) SodaBoii: are u guys fdumb
(11:27 / All) Clutz: cool team
(12:18 / Allies) SodaBoii: ur mine is fucked
(12:23 / Allies) SodaBoii: orange do u know how to play?
(12:38 / Allies) VvIiZzIiOoNn: gold plzz
(12:53 / Allies) SodaBoii: pourple!!
(12:53 / Allies) 2_Strong_Daddie: healing brb
(13:11 / Allies) SodaBoii: were so fucked
(13:16 / Allies) 2_Strong_Daddie: i'm harssing pink
(13:21 / Allies) SodaBoii: ur not doign sahit
(13:26 / Allies) SodaBoii: we could have killed pink 10 misn afo
(13:27 / Allies) SodaBoii: ago
(14:20 / Allies) SodaBoii: im back
(14:37 / Allies) SodaBoii: got his main
(15:33 / Allies) SodaBoii: ill tp back!
(15:49 / Allies) SodaBoii: omfg u guys are suck dumb fucks
(15:55 / Allies) SuspiciousMinds: Stop whining.
(15:59 / All) Clutz: shit lawl
(16:01 / All) VvIiZzIiOoNn: fuck red
(16:27 / All) Clutz: THERE IS NO FUCKING WAY
(17:50 / Allies) VvIiZzIiOoNn: nice grreeen
(18:43 / Allies) SodaBoii: orange!!!
(18:51 / Allies) VvIiZzIiOoNn: jesus fucking chrost
(18:53 / Allies) SodaBoii: TOWER UP U FUCKIGN NOOB
(19:04 / All) 651684313219687: gg
(19:07 / All) 651684313219687: red is fucking idiot
(19:08 / All) 651684313219687: has no units
(19:23 / All) VvIiZzIiOoNn: gg
(19:25 / All) 2_Strong_Daddie: nice tower red
(19:30 / All) Clutz: they let two of my expos die right near them
(19:31 / All) 2_Strong_Daddie: hgreen has a million mortar
(19:31 / All) SodaBoii: ROFL MY TEAM SUCKED ASS ANY WAYS
(19:48 / Allies) SuspiciousMinds: green killed my tower
(19:49 / Allies) SuspiciousMinds: kill him
(19:51 / Allies) SuspiciousMinds: he is a bser
(19:53 / Allies) SodaBoii: U BLOCKED ME ION!
(20:08 / Allies) SodaBoii: u blocked me ion u fuck
(20:12 / Allies) 2_Strong_Daddie: dont kill him
(20:15 / Allies) 2_Strong_Daddie: let his moprtar take out red
(21:02 / All) SodaBoii: red this is so gay, please kill them all. my team is honestly just noobs.
(21:04 / Allies) VvIiZzIiOoNn: gold plzz
(21:10 / All) SodaBoii: orange cant stop 1 hero
(21:17 / All) SodaBoii: yellow has no idea whats going on
(21:22 / All) SodaBoii: andpurp is a fucking retard
(21:28 / All) SuspiciousMinds: sick failed backsatb pro
(21:35 / Allies) 2_Strong_Daddie: i killed the most units/heros so far
(21:38 / Allies) SodaBoii: idc u still suck rfl.
(21:39 / All) SuspiciousMinds: you might have lost us this now
(21:40 / All) SuspiciousMinds: dumbass
(21:43 / Allies) VvIiZzIiOoNn: stop yellow
(21:46 / Allies) SuspiciousMinds: I average 70 - 100 APM son.
(21:46 / Allies) SodaBoii: 1v1 me faggot
(21:49 / Allies) SuspiciousMinds: highper.ch check my games
(21:55 / Allies) SuspiciousMinds: sure want to after?
(21:56 / Allies) SuspiciousMinds: I can host
(22:00 / Allies) SodaBoii: so can i
(22:10 / Allies) SuspiciousMinds: you are 1-0 you are awful that is nothing to be proud of
(22:19 / Allies) SodaBoii: new acc dumbfuck
(22:27 / Allies) SuspiciousMinds: time for you to make another to fix your record sir
(22:29 / Allies) SodaBoii: but ur downsydrome ass would think so
(22:47 / Allies) SodaBoii: why as long as i stay ill get the win u retard lmfao
(22:55 / Allies) SuspiciousMinds: you won't get the win anymore
(23:03 / Allies) SodaBoii: dismount
(23:40 / Allies) 2_Strong_Daddie: red is going to win
(23:43 / Allies) 2_Strong_Daddie: he's controlling them all
(23:45 / Allies) SuspiciousMinds: yes he is
(23:53 / Allies) SuspiciousMinds: green backstabbed us
(23:54 / Allies) SuspiciousMinds: we lost
(23:59 / All) SodaBoii: rofl
(24:05 / Allies) SodaBoii: ur tower blocked me in u fucking noob
(24:13 / All) SuspiciousMinds: this was planned from the start
(24:15 / All) SuspiciousMinds: red and I are friends
(24:49 / Allies) SuspiciousMinds: nice try
(24:56 / Allies) VvIiZzIiOoNn: yellow r u fucking joking u stupid fuckin lil kid
(25:02 / Allies) SodaBoii: ur honesty a fucking retard
(25:06 / Allies) SodaBoii: u suck so bad as this game rofl.
(25:11 / Allies) SuspiciousMinds: check my replays on highper.ch
(25:14 / Allies) SuspiciousMinds: we do this all the time
(25:15 / Allies) SodaBoii: u should prolly break ur disk
(25:21 / Allies) SuspiciousMinds: you are humiliated publicly and all will laugh at you
(25:25 / Allies) SodaBoii: cuz ur a joke
(25:28 / Allies) SodaBoii: u cant win a game
(25:29 / Allies) VvIiZzIiOoNn: ahahaha ye ur garbage bro thats why u kill ur team mates cuz ur a fuckin pathectic faggit nigger
(25:33 / Allies) SodaBoii: lol so u have to back stab rofl.
(25:41 / Allies) SodaBoii: ur so shitty kid hahaha
(25:44 / Allies) SodaBoii: kinda funny
(25:48 / Allies) SodaBoii: u suck so bad
(25:54 / Allies) SuspiciousMinds: I can guarantee that I am at least 10x better than you
(25:57 / Allies) SuspiciousMinds: and at least 3x the APM
(26:04 / Allies) SuspiciousMinds: you are probably a 30 APM RT 4v4 scrub
(26:08 / Allies) SodaBoii: rofl ur so bad! ur like 10x worse than any 1 know
(26:13 / Allies) SuspiciousMinds: I manhandled our entire team 1v3
(26:16 / Allies) SodaBoii: ur honestly the shittyes person i know
(26:17 / Allies) SuspiciousMinds: and you could do nothing about it
(26:20 / Allies) SodaBoii: rofl u didnt do shit
(26:24 / Allies) SodaBoii: u suck so bad
(26:26 / Allies) SodaBoii: i ran this team
(26:29 / Allies) SodaBoii: ur horrible
(26:31 / Allies) SuspiciousMinds: oh really?
(26:37 / All) SuspiciousMinds: Green was ultra fucking mad.
(26:50 / All) Clutz: did he have good chat
(26:51 / All) SuspiciousMinds: He said he did everything on our team by himself
(26:56 / All) SuspiciousMinds: and called me the shittiest player he ever saw
(26:58 / All) Clutz: lawl
(27:02 / All) SuspiciousMinds: Time for him to make a new account now
(27:09 / All) Clutz: we didn't even lose
(27:12 / All) SuspiciousMinds: he sucked, decent chat due to him
(27:17 / All) Clutz: retards just saw I had no units and assumed we were gonna lose
(27:28 / All) Clutz: they let two of my expos get assraped
(27:31 / All) Clutz: while they were right near them
(27:42 / All) SuspiciousMinds: Which team should get the loss?
(27:45 / All) SuspiciousMinds: I say green should
(27:51 / All) Clutz: yeah
(27:53 / All) SuspiciousMinds: kk